Map: Dusk Towers

Players

Miszu - Winner!

  • Race: Terran Terran
  • League: Master

Factorymouse

  • Race: Zerg Zerg
  • League: Master

VOD

Have the link to the VOD?

Description

Time

  • Played on: Feb. 2, 2016, 4:48 p.m.
  • Length: 11:02
Show
View Real Time Build Order
Export as new Build Order

Miszu Terran - Winner!

Build Orders: MMM Bio 

Get SALT Encoding   

  12  0:01  SCV  
  13  0:13  SCV  
  14  0:18  Supply Depot  
  14  0:25  SCV  
  15  0:39  SCV  
  16  0:43  Barracks  
  16  0:46  Refinery  
  16  0:52  SCV  
  17  1:04  SCV  
  18  1:14  Barracks  
  18  1:16  SCV  
  19  1:30  Orbital Command  
  19  1:31  Barracks Reactor  
  19  1:44  Command Center  
  19  1:51  Supply Depot  
  19  1:56  SCV  
  20  2:08  SCV  
  21  2:09  Reaper x2  
  23  2:17  Barracks  
  23  2:20  SCV  
  24  2:25  Barracks  
  24  2:32  SCV  
  24  2:36  Refinery  
  25  2:41  Reaper  
  25  2:43  Reaper  
  27  2:45  SCV  
  28  2:55  Orbital Command  
  28  2:58  SCV  
  29  3:11  SCV  
  30  3:13  Barracks Tech Lab x2  
  30  3:28  SCV  
  30  3:31  Command Center, SCV  
  32  3:34  Marine x2  
  32  3:35  Stimpack  
  32  3:40  SCV  
  35  3:44  SCV  
  35  3:46  Factory  
  36  3:52  SCV  
  37  3:56  Supply Depot, SCV  
  37  4:02  Refinery  
  38  4:03  Refinery  
  38  4:04  SCV  
  38  4:08  Marine, SCV  
  41  4:14  Marine  
  41  4:16  Marine  
  41  4:17  Marine, SCV  
  44  4:20  SCV, Combat Shields  
  46  4:29  SCV  
  47  4:32  SCV  
  47  4:36  Engineering Bay  
  47  4:37  Engineering Bay  
  48  4:41  SCV  
  48  4:42  Starport  
  48  4:44  SCV, Factory Reactor  
  49  4:51  Orbital Command  
  49  4:53  SCV  
  49  4:55  Marine  
  49  4:56  SCV  
  52  5:02  Supply Depot, Marine  
  52  5:05  SCV  
  54  5:09  SCV  
  54  5:14  Marine  
  54  5:15  Marine  
  54  5:16  Terran Infantry Weapons Level 1, Terran Infantry Armor Level 1  
  54  5:17  SCV  
  57  5:21  Marine  
  57  5:26  SCV, Orbital Command  
  57  5:28  Factory Tech Lab  
  59  5:29  Barracks  
  59  5:31  Barracks  
  59  5:33  Medivac x2  
  59  5:34  Marine  
  59  5:35  Marine  
  64  5:37  Marine  
  64  5:39  Marine  
  64  5:40  SCV  
  68  5:43  SCV  
  69  5:51  Armory  
  69  5:52  Marine  
  69  5:53  Marine, SCV x2  
  69  5:55  SCV  
  74  6:03  Supply Depot  
  74  6:04  Supply Depot x2  
  74  6:05  SCV  
  74  6:06  SCV  
  74  6:10  Marine  
  77  6:25  Siege Tank, SCV x3  
  83  6:26  Supply Depot  
  83  6:28  Barracks Reactor  
  83  6:29  Barracks Tech Lab  
  83  6:30  Supply Depot, Marauder  
  83  6:31  Supply Depot, Marauder, Concussive Shells  
  87  6:36  Marine  
  87  6:37  SCV  
  87  6:39  Marine  
  87  6:41  SCV  
  89  6:51  Marauder x2  
  89  6:52  Marauder  
  89  6:54  Marine  
  90  7:04  Marine  
  90  7:05  Medivac x2, Siege Tank  
  90  7:06  SCV  
  90  7:07  Marine  
  90  7:08  Marine  
  101  7:10  SCV x2  
  101  7:12  Refinery  
  101  7:13  Supply Depot, Refinery  
  101  7:15  Supply Depot, Marine, Marauder  
  107  7:17  Terran Infantry Armor Level 2  
  107  7:18  SCV  
  107  7:19  Terran Infantry Weapons Level 2  
  107  7:22  SCV  
  107  7:24  Terran Vehicle Weapons Level 1  
  103  7:34  Marine  
  103  7:35  Marine x3  
  103  7:36  Marine x3  
  107  7:37  Siege Tank  
  110  7:50  Medivac x2  
  114  7:52  Marine x3  
  114  7:53  Marine  
  114  7:54  Marauder  
  114  7:55  SCV  
  114  7:58  Supply Depot, Marine, Marauder, SCV  
  125  8:09  Factory, Siege Tank  
  125  8:10  Marine  
  129  8:15  Marine, Marauder  
  129  8:16  Marauder  
  136  8:20  Medivac, Marauder  
  136  8:24  Marine x2  
  136  8:25  Medivac  
  142  8:27  Marine  
  142  8:33  Marine  
  144  8:37  Marauder  
  144  8:38  Marauder  
  144  8:41  Marine  
  149  8:53  Supply Depot  
  149  8:54  Supply Depot  
  149  8:56  Marine x4  
  149  8:57  Siege Tank  
  149  8:58  Marauder  
  149  8:59  Marine, Marauder  
  158  9:03  Medivac  
  162  9:14  Marine x3  
  160  9:17  Marauder  
  160  9:20  Marauder x2, Factory Tech Lab  
  160  9:21  Marine  
  165  9:24  Command Center  
  165  9:25  Supply Depot, Starport  
  165  9:26  Supply Depot  
  165  9:27  Supply Depot  
  165  9:32  Marine  
  166  9:38  Marauder  
  166  9:41  Marauder  
  166  9:42  Marauder  
  170  9:52  Marine  
  170  9:53  Marine  
  170  9:59  Marine x2  
  175  10:00  Siege Tank, Marauder  
  175  10:02  Marauder  
  175  10:03  Marauder  
  178  10:10  Marine  
  178  10:11  Marine  
  160  10:14  SCV  
  160  10:17  Marine x2  
  165  10:21  Marauder  
  165  10:23  Marine  
  165  10:24  Marine  
  165  10:28  Marine  
  170  10:29  Marine  
  170  10:34  Marine, Ghost Academy  
  183  10:43  Starport Reactor  
Show
View Real Time Build Order
Export as new Build Order

Factorymouse Zerg 

Build Orders: Hatch First 

Get SALT Encoding   

  12  0:01  Drone  
  13  0:13  Overlord  
  13  0:18  Drone  
  14  0:31  Drone x2  
  16  0:35  Drone  
  17  0:53  Hatchery  
  17  0:56  Drone  
  17  1:02  Drone  
  18  1:07  Drone  
  19  1:17  Spawning Pool  
  18  1:19  Drone  
  18  1:25  Extractor  
  18  1:30  Drone  
  19  1:43  Overlord  
  19  2:05  Zergling x6  
  19  2:06  Queen x2  
  26  2:17  Drone  
  26  2:18  Drone  
  28  2:25  Drone  
  28  2:28  Metabolic Boost  
  29  2:35  Drone x2  
  31  2:42  Queen x2  
  35  2:52  Overlord  
  35  2:57  Overlord  
  35  3:10  Overlord  
  35  3:19  Drone x9  
  41  3:32  Roach Warren  
  41  3:33  Extractor  
  39  3:45  Drone x5  
  44  3:56  Hatchery  
  43  4:04  Drone x4  
  47  4:16  Roach  
  47  4:17  Roach x2  
  53  4:19  Overlord  
  53  4:20  Queen  
  55  4:36  Drone x5  
  55  4:37  Overlord  
  60  4:38  Evolution Chamber  
  60  4:39  Evolution Chamber  
  58  4:50  Overlord  
  58  4:51  Overlord  
  58  4:58  Drone x6  
  64  5:04  Zerg Melee Weapons Level 1, Lair  
  64  5:17  Zerg Ground Armor Level 1  
  64  5:24  Drone x7  
  71  5:31  Zergling x14  
  78  5:37  Ravager x3  
  78  5:40  Extractor x2  
  79  5:45  Overlord  
  79  5:48  Drone x3  
  82  6:00  Drone x8  
  90  6:04  Overlord x2, Extractor x2  
  90  6:06  Drone x2  
  90  6:09  Glial Reconstitution  
  90  6:20  Overlord x2, Drone x3  
  93  6:31  Zergling x2  
  93  6:32  Zergling x14  
  100  6:38  Roach x3  
  105  6:44  Zergling x2  
  105  6:45  Zergling x4  
  104  7:00  Hatchery  
  104  7:01  Roach x7  
  104  7:02  Zerg Melee Weapons Level 2  
  104  7:07  Infestation Pit  
  110  7:11  Queen  
  110  7:13  Hatchery  
  111  7:17  Zerg Ground Armor Level 2  
  111  7:20  Ravager x3  
  111  7:21  Zergling x18  
  123  7:34  Overlord  
  123  7:35  Drone x3  
  126  7:38  Overlord x4  
  126  7:40  Ravager  
  126  7:41  Ravager x2  
  126  7:43  Pathogen Glands  
  129  7:50  Overlord  
  129  7:51  Overlord x2  
  129  7:57  Overlord x2  
  129  7:58  Hive  
  129  7:59  Zergling x2  
  129  8:00  Zergling x8  
  129  8:01  Zergling x2  
  129  8:03  Overlord  
  134  8:15  Zergling x10  
  139  8:25  Infestor x4  
  147  8:29  Zergling x16  
  147  8:30  Zergling x2  
  153  8:34  Queen  
  154  8:50  Drone x9  
  154  8:51  Overlord  
  157  9:10  Queen, Hatchery  
  157  9:14  Zergling x14  
  157  9:15  Zergling x14  
  172  9:17  Infestor  
  172  9:22  Adrenal Glands  
  174  9:26  Ravager x4  
  178  9:37  Extractor, Zergling x18  
  178  9:38  Extractor, Zergling x8  
  190  9:41  Overseer  
  186  9:54  Ultralisk Cavern, Infestor x2  
  186  9:59  Infestor x2  
  164  10:11  Zergling x2  
  164  10:12  Zergling x34  
  144  10:16  Zergling x2  
  144  10:17  Zergling x12  
  138  10:26  Zergling x6  
  138  10:27  Zergling x8  
  143  10:32  Roach  
  143  10:33  Roach x3  
Tags
 
Composition
MMM Bio
Matchup
TvZ
Add a new tag
Caveats
  • Supply blocks, unpowered buildings, or Contaminate may cause inaccurate times.
  • Supply counts are checked every 10 seconds.